 Dungeon Crawl Stone Soup version 0.21-a0-196-g6a663c0 (webtiles) character file.

94 tehllama the Insei (level 4, -1/28 HPs)
             Began as an Octopode Transmuter on Aug 15, 2017.
             Slain by a quokka (2 damage)
             ... on level 3 of the Dungeon.
             The game lasted 00:03:40 (2435 turns).

tehllama the Insei (Octopode Transmuter)            Turns: 2435, Time: 00:03:43

Health: -1/28      AC:  2    Str: 10    XL:     4   Next: 63%
Magic:  2/7        EV: 19    Int: 15    God:
Gold:   120        SH:  0    Dex: 17    Spells: 1/7 levels left

rFire    . . .     SeeInvis .     - Unarmed
rCold    . . .     Gourm    .   (shield currently unavailable)
rNeg     . . .     Faith    .   (helmet currently unavailable)
rPois    x         Spirit   .   (no amulet)
rElec    .         Reflect  .   (no ring)
rCorr    .         Harm     .   (no ring)
MR       .....                  (no ring)
Stlth    ++........             (no ring)
HPRegen  0.09/turn              (no ring)
MPRegen  0.10/turn              (no ring)
                                (no ring)
                                (no ring)

@: spider-form
A: almost no armour, stealthy swim, (amphibious), 8 rings, (constrict 8)
a: End Transformation


You were on level 3 of the Dungeon.
You were hungry.
You were a venomous arachnid creature.
You visited 1 branch of the dungeon, and saw 3 of its levels.

You collected 120 gold pieces.

Inventory:

Missiles
 a - 12 arrows
 s - 3 needles of sleeping
Armour
 o - a +0 buckler
Scrolls
 d - a scroll of identify {unknown}
 e - 2 scrolls of teleportation {unknown}
 g - a scroll of blinking {unknown}
 m - 2 scrolls of enchant armour {unknown}
 q - a scroll of fog {unknown}
 t - a scroll of remove curse {unknown}
Potions
 f - a potion of haste {unknown}
 i - a potion of brilliance {unknown}
 j - 2 potions of heal wounds {unknown}
 k - a potion of magic {unknown}
 l - a potion of flight {unknown}
 n - a potion of cancellation {unknown}
 p - a potion of mutation {unknown}
Books
 b - a book of Changes

   Spells                             Type                      Level
   a - Beastly Appendage              Transmutation                1
   b - Sticks to Snakes               Transmutation                2
   c - Spider Form                    Transmutation/Poison         3
   d - Ice Form                       Ice/Transmutation            4
   e - Blade Hands                    Transmutation                5
Comestibles
 c - a bread ration
 h - a chunk of flesh
 r - 4 fruits


   Skills:
 - Level 1.0 Fighting
 - Level 2.0 Dodging
 + Level 3.0 Stealth
 + Level 4.7 Unarmed Combat
 - Level 2.0 Spellcasting
 - Level 2.0 Transmutations


You had one spell level left.
You knew the following spells:

 Your Spells              Type           Power        Failure   Level  Hunger
a - Beastly Appendage     Tmut           #.....       24%         1    #......
b - Sticks to Snakes      Tmut           #.......     32%         2    ###....
c - Spider Form           Tmut/Pois      #.........   63%         3    ###....


Dungeon Overview and Level Annotations

Branches:
Dungeon (3/15)

Altars:
Nemelex Xobeh
Uskayaw
Xom

Annotations:
D:3 Grinder


Innate Abilities, Weirdness & Mutations

You cannot wear most types of armour.
You are very stealthy in the water. (Stealth+)
((You are amphibious.))
You can wear up to eight rings at the same time.
((You can use your tentacles to constrict eight enemies at once.))
((Your skin changes colour to match your surroundings (Stealth+).))
((Your rubbery body absorbs attacks. (AC +1, EV +1)))


Message History

Grinder hits you! The quokka misses you.
Some of the chunks of flesh in your inventory have rotted away.
Casting: Spider Form
Confirm with . or Enter, or press ? or * to list all spells.
You turn into a venomous arachnid creature.
You are feeling hungry.
The quokka barely misses you.
Grinder blinks!
Grinder closely misses you.
You barely miss Grinder.
Grinder is moderately wounded.
The quokka barely misses you. Grinder hits you!
You writhe in agony.
The quokka bites you.
You barely miss Grinder.
Grinder is moderately wounded.
Grinder hits you.
* * * LOW HITPOINT WARNING * * *
You writhe in agony.
* * * LOW HITPOINT WARNING * * *
The quokka bites you.
You die...

.......
........# .
........# ###..
........## .....
.........+......
.........#......
.........5......
........s.......
......§r..###...
......).#......
#####+#<#......
#.#.......
+.##...... #..
...... +..
...... #..


You could see Grinder and a quokka.

Vanquished Creatures
  3 adders (D:2)
  3 dart slugs
  3 worms (D:2)
  An orc (D:3)
  A giant cockroach (D:2)
  10 goblins
  6 hobgoblins
  4 kobolds
  3 quokkas (D:2)
  7 bats
  5 frilled lizards
  3 rats
49 creatures vanquished.

Notes
Turn   | Place    | Note
-------+----------+-------------------------------------------
     0 | D:1      | tehllama the Octopode Transmuter began the quest for the Orb.
     0 | D:1      | Reached XP level 1. HP: 13/13 MP: 3/3
   278 | D:1      | Reached XP level 2. HP: 18/18 MP: 3/5
   439 | D:1      | Reached skill level 4 in Unarmed Combat
   648 | D:1      | Reached XP level 3. HP: 23/23 MP: 4/6
   991 | D:2      | Reached skill level 1 in Stealth
  1448 | D:2      | Found a shimmering altar of Xom.
  1448 | D:2      | Found a sparkling altar of Nemelex Xobeh.
  1451 | D:2      | Found a hide-covered altar of Uskayaw.
  1724 | D:2      | Reached XP level 4. HP: 28/28 MP: 5/7
  2412 | D:3      | Noticed Grinder
  2418 | D:2      | Learned a level 2 spell: Sticks to Snakes
  2422 | D:2      | Learned a level 3 spell: Spider Form
  2435 | D:3      | HP: 1/28 [Grinder (3)]
  2435 | D:3      | Slain by a quokka

Vault maps used:
D:1:      dpeg_arrival_shrine, serial_bayou_lagoon_b
D:2:      grunt_temple_overflow_open
D:3:      uniq_grinder, uniq_ijyb

Skill      XL: |  1  2  3  4 |
---------------+-------------+-----
Unarmed Combat | 4 |  4.7
Stealth        | 2 3 |  3.0
Fighting       | |  1.0
Dodging        | |  2.0
Spellcasting   | |  2.0
Transmutations | |  2.0

Action                   |  1- 3 |  4- 6 || total
-------------------------+-------+-------++-------
Melee: Unarmed           |    66 |    43 ||   109
       Kick              |    12 |     6 ||    18
       Constrict         |    16 |     9 ||    25
       Tentacles         |     9 |    10 ||    19
 Cast: Beastly Appendage |    19 |    10 ||    29
       Spider Form       |       |     2 ||     2
 Stab: Sleeping          |     6 |     2 ||     8
  Eat: Chunk             |     3 |     2 ||     5
Armor: Skin              |     4 |     1 ||     5
Dodge: Dodged            |    45 |    29 ||    74
